 Dungeon Crawl Stone Soup version 0.31-a0-667-g39726597b9 (webtiles) character file.

Game seed: 17386569968530259153

3868 GordonOverkill the Carver (level 10, -6/80 HPs)
             Began as a Barachi Delver on Sept 4, 2023.
             Was a Follower of Wu Jian.
             Mangled by Erica
             ... wielding a +1 scimitar of flaming
              (10 damage)
             ... on level 8 of the Dungeon.
             The game lasted 00:15:28 (8460 turns).

GordonOverkill the Carver (Barachi Delver)          Turns: 8460, Time: 00:15:28

Health: -6/80      AC: 15    Str: 18    XL:     10   Next: 19%
Magic:  10/10      EV:  6    Int: 10    God:    Wu Jian [*.....]
Gold:   400        SH:  0    Dex: 14    Spells: 9/9 levels left

rFire   . . .        k - +4 falchion
rCold   . . .        (no shield)
rNeg    . . .        m - +0 plate armour
rPois   .            r - +0 helmet
rElec   .            (no cloak)
rCorr   .            e - +0 pair of gloves
SInv    .            (no boots)
Will    .....        b - amulet of the acrobat Stlth
                     (no ring)
HPRegen 0.33/turn    (no ring)
MPRegen 0.12/turn

%: acrobat
@: slow
A: amphibious, slowness 1, strong legs 1, +LOS
a: Hop, Renounce Religion


You were on level 8 of the Dungeon.
You worshipped Wu Jian.
Wu Jian was aware of your devotion.
You visited 1 branch of the dungeon, and saw 8 of its levels.

You collected 400 gold pieces.

Inventory:

Hand Weapons
 k - a +4 falchion (weapon)
Armour
 e - a +0 pair of gloves (worn)
 m - a +0 plate armour (worn)
 r - a +0 helmet (worn)
Jewellery
 b - an amulet of the acrobat (around neck)
Wands
 g - a wand of digging (4)
Scrolls
 a - 5 scrolls of noise {unknown}
 c - 2 scrolls of fog
 d - a scroll of revelation
 f - 4 scrolls of identify
 i - a scroll of immolation {unknown}
 l - a scroll of amnesia {unknown}
 p - a scroll of summoning {unknown}
 s - a scroll of brand weapon {unknown}
 u - a scroll of vulnerability
 x - a scroll of enchant armour {unknown}
 y - 3 scrolls of teleportation
Potions
 n - a potion of resistance
 o - a potion of brilliance
 t - 2 potions of mutation


   Skills:
 - Level 8.0 Fighting
 + Level 13.6 Long Blades
 - Level 6.0 Armour
 - Level 2.1 Dodging
 - Level 4.5 Stealth
 - Level 4.0 Evocations


You had 9 spell levels left.
You didn't know any spells.
Your spell library contained the following spells:

 Spells                   Type           Power      Damage    Failure   Level
 Animate Dead             Necr           0%         N/A       100%        4
 Passage of Golubria      Tloc           0%         N/A       100%        4
 Borgnjor's Vile Clutch   Necr/Erth      0%         N/A       100%        5
 Silence                  Hex/Air        0%         N/A       100%        5
 Death Channel            Necr           0%         N/A       100%        6
 Lehudib's Crystal Spear  Conj/Erth      0%         10d2      100%        8


Dungeon Overview and Level Annotations

Branches:
Dungeon (8/15)             Temple (0/1) D:5
   Lair: D:8-11

Altars:
Cheibriados
Hepliaklqana
Kikubaaqudgha
Qazlal
Ru
Sif Muna
Wu Jian
Zin
The Shining One

Shops:
D:4 *

Annotations:
D:3 2 transporters, blacky4's ghost, amateur FoFi
D:8 Erica


Innate Abilities, Weirdness & Mutations

You are amphibious.
You cover ground slowly.
You can hop short distances.
You have an extended range of vision and can be seen from far away.


Message History

Erica is moderately wounded.
You feel sick.
You hit Erica but do no damage.
Erica is moderately wounded.
You feel sick. Erica hits you but does no damage.
You barely miss Erica.
Erica is moderately wounded.
You feel sick. Erica closely misses you.
You slash Erica!
Erica is moderately wounded.
You slash Erica!
Erica is heavily wounded.
You feel sick.
Erica gestures wildly while chanting.
Erica flickers and vanishes!
Deactivating autopickup; reactivate with Ctrl-A.
You hit something.
You feel sick.
You hit something. Something hits you.
* * * LOW HITPOINT WARNING * * *
Something burns you.
* * * LOW HITPOINT WARNING * * *
You miss something.
You feel sick. Something hits you!
* * * LOW HITPOINT WARNING * * *
Something burns you.
* * * LOW HITPOINT WARNING * * *
You hit something. You completely miss something.
You feel sick.
You are no longer poisoned.
Something hits you.
* * * LOW HITPOINT WARNING * * *
Something burns you.
* * * LOW HITPOINT WARNING * * *
You barely miss something. Something hits you.
* * * LOW HITPOINT WARNING * * *
Something burns you.
* * * LOW HITPOINT WARNING * * *
You hit something but do no damage. You closely miss something.
Something hits you but does no damage.
You barely miss something. Something hits you!
You die...

#......###.....>..#.#..#####...#
#....### #.#..............'..K.#
##.##.# #.#......#.#.###.'....#
...##.# #.#..........# #.##...#
##.##.# ##.##........####.# +##
#.##.# #..###......####..# #
####.# #.## ##..........## #
#########.#####..........# #
#....#........#@{....<..##
#.##.#.#..###..#.#......####
#@##K#.##.######.#..........
##.##ยง..#...# #.#####..#.#.#
...######.#.# #.....#......#
....[.....#.# ######.#..#.#.#
...########.####....#.#......#
#### #.........#.#.....##
####.#....#.#######


There were no monsters in sight!

Vanquished Creatures
  Pikel (D:8)
  A troll (D:7)
  Prince Ribbit (D:8)
  Grinder (D:5)
  A steam dragon (D:8)
  3 water moccasins
  3 ice beasts (D:6)
  3 orc warriors
  3 sky beasts
  2 centaurs
  A phantom (D:7)
  A lemure (D:8)
  An ogre (D:6)
  A scorpion (D:7)
  2 bullfrogs
  4 wights
  A killer bee (D:7)
  3 howler monkeys (D:8)
  2 jellies
  5 hounds
  A sleepcap (D:8)
  2 orc priests (D:7)
  Ijyb (D:5)
  Natasha (thrice) (D:2)
  5 iguanas
  5 gnolls
  4 adders
  3 white imps
  4 worms
  6 dart slugs
  13 orcs
  3 bats
  4 endoplasms
  2 giant cockroaches (D:2)
  7 hobgoblins
  2 jackals (D:3)
  4 kobolds
  6 quokkas
  7 ball pythons
  A frilled lizard (D:3)
  9 goblins
  9 rats
141 creatures vanquished.

Notes
Turn   | Place    | Note
-------+----------+-------------------------------------------
     0 | D:5      | GordonOverkill the Barachi Delver began the quest for the
                  | Orb.
     0 | D:5      | Reached XP level 1. HP: 18/18 MP: 1/1
   186 | D:4      | Noticed a hound
   196 | D:4      | Killed a hound
   197 | D:4      | Reached skill level 4 in Long Blades
   197 | D:4      | Reached XP level 2. HP: 20/24 MP: 2/2
   197 | D:4      | Reached XP level 3. HP: 24/29 MP: 3/3
   216 | D:4      | Found an ornate altar of the Wu Jian Council.
   284 | D:3      | Found a transporter.
   337 | D:3      | Noticed blacky4's ghost (amateur FoFi)
   339 | D:3      | Noticed an ogre
   339 | D:3      | Identified the +6 great mace of the Pariah {drain, *Noise
                  | rF++}
   339 | D:3      | Noticed an ogre
   341 | D:3      | Found a transporter.
   341 | D:3      | Noticed an ogre
   630 | D:3      | Reached skill level 5 in Long Blades
   660 | D:2      | Reached XP level 4. HP: 37/37 MP: 4/4
   809 | D:2      | Noticed Natasha
   810 | D:2      | Found a faded altar of an unknown god.
   819 | D:2      | Killed Natasha
  1020 | D:1      | Reached XP level 5. HP: 39/42 MP: 5/5
  1485 | D:2      | Noticed Natasha
  1497 | D:2      | Killed Natasha
  2007 | D:2      | Noticed Natasha
  2014 | D:2      | Killed Natasha
  2015 | D:2      | Reached XP level 6. HP: 47/50 MP: 6/6
  2408 | D:3      | Reached skill level 5 in Fighting
  2935 | D:4      | Found an ancient bone altar of Kikubaaqudgha.
  3056 | D:4      | Found a glowing golden altar of the Shining One.
  3065 | D:4      | Found a hazy altar of Hepliaklqana.
  3165 | D:4      | Found Ympaam's Serpentskin Sales.
  3165 | D:4      | Noticed a water moccasin
  3196 | D:4      | Killed a water moccasin
  3197 | D:4      | Reached skill level 6 in Long Blades
  3321 | D:4      | Found a shimmering blue altar of Sif Muna.
  3529 | D:4      | Became a worshipper of the Wu Jian Council
  3534 | D:5      | Noticed a water moccasin
  3539 | D:5      | Killed a water moccasin
  3540 | D:5      | Reached skill level 7 in Long Blades
  3540 | D:5      | Reached XP level 7. HP: 56/56 MP: 7/7
  3550 | D:5      | Noticed Ijyb
  3579 | D:5      | Killed Ijyb
  3601 | D:5      | Noticed Grinder
  3616 | D:5      | Killed Grinder
  3617 | D:5      | Reached skill level 8 in Long Blades
  4089 | D:5      | Found a staircase to the Ecumenical Temple.
  4096 | D:5      | Reached skill level 9 in Long Blades
  4163 | D:6      | Reached XP level 8. HP: 59/62 MP: 8/8
  4338 | D:6      | Reached skill level 10 in Long Blades
  4400 | D:6      | Reached skill level 1 in Evocations
  4511 | D:6      | Found a glowing silver altar of Zin.
  5018 | D:6      | Reached skill level 5 in Armour
  5269 | D:6      | Reached * piety under Wu Jian
  5270 | D:6      | Reached XP level 9. HP: 22/69 MP: 9/9
  5940 | D:7      | Found a stormy altar of Qazlal.
  5986 | D:7      | Found a snail-covered altar of Cheibriados.
  6078 | D:7      | Found a sacrificial altar of Ru.
  6586 | D:7      | Noticed a troll
  6594 | D:7      | Killed a troll
  6595 | D:7      | Reached skill level 11 in Long Blades
  6906 | D:7      | Noticed a skeletal warrior
  7002 | D:8      | Noticed Prince Ribbit
  7037 | D:8      | Killed Prince Ribbit
  7038 | D:8      | Reached skill level 12 in Long Blades
  7321 | D:8      | Noticed Pikel
  7356 | D:8      | Killed Pikel
  7357 | D:8      | Reached skill level 13 in Long Blades
  7357 | D:8      | Reached XP level 10. HP: 68/80 MP: 10/10
  7535 | D:8      | Reached ** piety under Wu Jian
  7958 | D:8      | Noticed Erica
  8457 | D:8      | HP: 3/80 [something (3)]
  8460 | D:8      | Mangled by Erica

Illustrated notes

Levels and vault maps discovered:
D:1:      ebering_hopf_link, layout_rooms, nicolae_figureground_sparkle
D:2:      layout_basic, shapermc_ecumenical_altar_starsandcircs, st_stairs_6,
          minmay_door_square, minmay_between, uniq_natasha
D:3:      layout_loops_corners, gammafunk_ghost_smash, minmay_misc_feat_doors
D:4:      layout_basic, kennysheep_mini, mainiacjoe_overflow_alcove_2,
          nicolae_hepliaklqana_hazy_memory, mainiacjoe_overflow_catch_the_wave,
          guppyfry_shop_venom
D:5:      layout_rooms, temple_hall, uniq_ijyb, uniq_grinder
D:6:      layout_basic, zin_statuary, serial_glass, glass_columns_c,
          glass_columns_a, item_on_display_a, item_on_display_a,
          item_on_display_a, feat_on_display, kennysheep_generic_room_11
D:7:      minmay_slanted_spiral_squares, layout_cave_pools,
          nicolae_ru_the_path_less_chosen, slow_altar_2, grunt_qazlal_clouds,
          amethyst_killhole, kennysheep_opposing_triangles
D:8:      layout_rooms, serial_co_window_serial, co_window_paths_a,
          co_window_of_opportunity_a, co_window_of_opportunity_a,
          co_window_of_opportunity_a, co_window_corner_a, co_window_corner_a,
          co_window_of_opportunity_a, co_window_unsneaky_path_b,
          co_window_of_opportunity_b, co_window_broadway_c,
          co_window_broadway_a, co_window_2corner, co_window_cross_4,
          glass_columns_a, glass_columns_a, glass_columns_a, glass_columns_b,
          glass_columns_a, blue_anna_alchemist, uniq_prince_ribbit1, uniq_pikel,
          uniq_erica, uniq_jeremiah

Skill      XL: |  1  2  3  4  5  6  7  8  9 |
---------------+----------------------------+-----
Long Blades    | 4 5 7 9 10 13 | 13.6
Fighting       | 4 5 6 8 |  8.0
Armour         | 2 4 6 |  6.0
Evocations     | 4 |  4.0
Dodging        | |  2.1
Stealth        | |  4.5

Action                     |  1- 3 |  4- 6 |  7- 9 | 10-12 || total
---------------------------+-------+-------+-------+-------++-------
  Melee: Dagger            |    24 |   231 |   450 |       ||   705
         Long sword        |     2 |       |     4 |       ||     6
         Punch             |       |     1 |     5 |       ||     6
         Falchion          |       |       |    81 |    65 ||   146
Ability: Hop               |       |     2 |       |     2 ||     4
         Lunge             |       |       |    13 |     3 ||    16
         Whirlwind         |       |       |     5 |     1 ||     6
  Evoke: Wand              |     1 |       |     7 |       ||     8
    Use: Potion            |       |     5 |     5 |     3 ||    13
         Scroll            |       |     4 |     1 |     2 ||     7
   Stab: Sleeping          |     4 |    10 |     2 |       ||    16
 Armour: Leather armour    |    18 |    38 |       |       ||    56
         Ring mail         |       |   101 |   102 |       ||   203
         Plate armour      |       |       |   208 |    56 ||   264
         Skin              |       |       |     5 |       ||     5
  Dodge: Dodged            |    15 |   170 |   168 |    26 ||   379

Table legend: (Time is in decaauts)
 A = Elapsed time spent in this place.
 B = Non-inter-level travel time spent in this place.
 C = Inter-level travel time spent in this place.
 D = Time resting spent in this place.
 E = Time spent auto-exploring this place.
 F = Levels seen in this place.
 G = Mean time per level.
                   A        B        C        D        E       F      G
               +--------+--------+--------+--------+--------+-----+--------+
         Total |   9242 |   8927 |    315 |   1880 |   5125 |   8 | 1155.2 |
       Dungeon |   9242 |   8927 |    315 |   1880 |   5125 |   8 | 1155.2 |
               +--------+--------+--------+--------+--------+-----+--------+

Top non-repeatable levels by time:
     D:7: 1982 daAuts
     D:6: 1383 daAuts
     D:3: 1284 daAuts
     D:8: 1259 daAuts
     D:2: 1184 daAuts
     D:4: 908 daAuts
     D:5: 684 daAuts
     D:1: 556 daAuts
